 Dungeon Crawl Stone Soup version 0.27-a0-1065-ge809cff456 (webtiles) character file.

Game seed: 8824600019355456065

78549 shoop the Impaler (level 15, -15/109 HPs)
             Began as a Merfolk Gladiator on Apr 24, 2021.
             Was a High Priest of Hepliaklqana.
             Demolished by a hell knight
             ... wielding a +1 scimitar of flaming
              (26 damage)
             ... on level 15 of the Dungeon.
             The game lasted 01:33:09 (23209 turns).

shoop the Impaler (Merfolk Gladiator)              Turns: 23209, Time: 01:33:09

Health: -15/109    AC: 16    Str: 22    XL:     15   Next: 60%
Magic:  0/21       EV: 18    Int: 14    God:    Hepliaklqana [*****.]
Gold:   920        SH:  0    Dex: 17    Spells: 14/14 levels left

rFire    . . .     SeeInvis .   Y - +10 glaive of the Middle {elec, Drain rN+ Str+6}
rCold    + . .     Faith    .   (shield currently unavailable)
rNeg     + . .     Spirit   +   N - +1 ring mail {Will+}
rPois    .         Reflect  .   v - +0 helmet "Ihacipha" {Fly rElec Slay+2 Stlth-}
rElec    +         Harm     .   B - scarf {+Inv}
rCorr    .         Rampage  .   F - +0 pair of gloves
Will     ++...                  Z - +2 pair of boots of the Barracuda {rElec rC+ Int+3}
Stlth    +++.......             E - amulet of guardian spirit
HPRegen  0.28/turn              z - +4 ring of slaying
MPRegen  0.17/turn              H - +4 ring of protection

@: flying
A: reduced essence, (nimble swimmer 2), mertail
a: Renounce Religion, Evoke Invisibility, Recall Ancestor, Ancestor Identity,
Transference, Idealise


You were on level 15 of the Dungeon.
You worshipped Hepliaklqana.
Hepliaklqana was extremely pleased with you.
You visited 4 branches of the dungeon, and saw 19 of its levels.
You also visited: Gauntlet.

You collected 2868 gold pieces.
You spent 1948 gold pieces at shops.

Inventory:

Hand Weapons
 Y - the +10 glaive of the Middle (weapon) {elec, Drain rN+ Str+6}
   (You bought it in a shop on level 2 of the Orcish Mines)

   Occasionally, upon striking a foe, it can discharge electrical energy and
   cause terrible harm.
   It affects your strength (+6).
   It protects you from negative energy.
   It drains your maximum health when unequipped.
Missiles
 f - 2 boomerangs of dispersal
 h - 15 poisoned darts
 n - 22 javelins
 q - 3 silver boomerangs
 w - 24 boomerangs (quivered)
 I - 6 curare-tipped darts
 U - 9 silver javelins
Armour
 a - a +2 helmet of see invisible
 c - the +2 robe of Vustomir {Will+ rCorr Int-4}
   (You found it in a Gauntlet)

   It affects your intelligence (-4).
   It protects you from acid and corrosion.
   It increases your willpower.
 v - the +0 helmet "Ihacipha" (worn) {Fly rElec Slay+2 Stlth-}
   (You found it in a Gauntlet)

   It affects your accuracy and damage with ranged weapons and melee attacks
   (+2).
   It insulates you from electricity.
   It grants you flight.
   It makes you less stealthy.
 B - a scarf of invisibility (worn)
 F - a +0 pair of gloves (worn)
 N - a +1 ring mail of willpower (worn)
 Z - the +2 pair of boots of the Barracuda (worn) {rElec rC+ Int+3}
   (You bought it in a shop on level 8 of the Dungeon)

   It affects your intelligence (+3).
   It protects you from cold.
   It insulates you from electricity.
Jewellery
 j - a ring of positive energy
 p - a +6 ring of dexterity
 y - a ring of protection from cold
 z - a +4 ring of slaying (left hand)
 E - an amulet of guardian spirit (around neck)
 G - a ring of poison resistance
 H - a +4 ring of protection (right hand)
 X - an amulet of regeneration
Wands
 b - a wand of charming (9)
 M - a wand of polymorph (10)
 P - a wand of acid (4)
 Q - a wand of mindburst (4)
 V - a wand of iceblast (7)
Scrolls
 e - 3 scrolls of fear
 g - 2 scrolls of magic mapping
 i - 3 scrolls of immolation
 o - 3 scrolls of amnesia
 s - 4 scrolls of summoning
 u - a scroll of silence
 x - 4 scrolls of teleportation
 J - a scroll of blinking
 K - a scroll of vulnerability
 L - 3 scrolls of enchant armour
 S - a scroll of holy word
 T - a scroll of brand weapon
Potions
 k - 6 potions of haste {unknown}
 l - 5 potions of curing
 m - 2 potions of lignification
 r - 5 potions of flight
 A - a potion of might
 C - 5 potions of brilliance
 D - 2 potions of cancellation
 O - 2 potions of heal wounds
 R - a potion of invisibility
 W - a potion of mutation {unknown}
Miscellaneous
 d - a lightning rod (4/4)
 t - a phantom mirror


   Skills:
 + Level 12.6 Fighting
 - Level 20.0 Polearms
 + Level 6.7 Throwing
 - Level 5.0 Armour
 - Level 13.0 Dodging
 - Level 9.0 Stealth
 - Level 8.0 Invocations
 - Level 14.0 Evocations


You had 14 spell levels left.
You didn't know any spells.
Your spell library contained the following spells:

 Spells                   Type           Power      Damage    Failure   Level
 Animate Skeleton         Necr           0%         N/A       41%         1
 Apportation              Tloc           0%         N/A       41%         1
 Beastly Appendage        Tmut           0%         N/A       41%         1
 Corona                   Hex            0%         N/A       41%         1
 Freeze                   Ice            0%         1d3       41%         1
 Pain                     Necr           0%         1d4       41%         1
 Sting                    Tmut/Pois      0%         1d3       41%         1
 Summon Small Mammal      Summ           0%         N/A       41%         1
 Poisonous Vapours        Pois/Air       0%         N/A       56%         2
 Wereblood                Tmut           0%         N/A       56%         2
 Conjure Flame            Conj/Fire      0%         6-21      80%         3
 Frozen Ramparts          Ice            0%         1d2       80%         3
 Ignite Poison            Fire/Tmut/Pois 0%         N/A       80%         3
 Mephitic Cloud           Conj/Pois/Air  0%         N/A       80%         3
 Ozocubu's Armour         Ice            0%         N/A       80%         3
 Spider Form              Tmut/Pois      0%         N/A       80%         3
 Vampiric Draining        Necr           0%         2d6       80%         3
 Animate Dead             Necr           0%         N/A       99%         4
 Hailstorm                Conj/Ice       0%         3d3       99%         4
 Ice Form                 Ice/Tmut       0%         N/A       99%         4
 Olgreb's Toxic Radiance  Pois           0%         N/A       99%         4
 Agony                    Necr           0%         N/A       100%        5
 Bolt of Magma            Conj/Fire/Erth 0%         4d4       100%        5
 Hydra Form               Tmut           0%         N/A       100%        5
 Iskenderun's Battlesphe  Conj           0%         2d6       100%        5
 Metabolic Englaciation   Hex/Ice        0%         N/A       100%        5
 Freezing Cloud           Conj/Ice/Air   0%         6-21      100%        6
 Iron Shot                Conj/Erth      0%         9d1       100%        6
 Orb of Destruction       Conj           0%         N/A       100%        7
 Spellforged Servitor     Conj/Summ      0%         N/A       100%        7


Dungeon Overview and Level Annotations

Branches:
Dungeon (15/15)            Temple (1/1) D:4            Lair (0/6) D:11
    Orc (2/2) D:12            Elf (0/3) Orc:2        Vaults (0/5) D:14
 Depths (1/5) D:15        Gauntlet (visited)

Altars:
Ashenzari
Cheibriados
Dithmenos
Elyvilon
Fedhas
Gozag
Hepliaklqana
Kikubaaqudgha
Makhleb
Nemelex Xobeh
Okawaru
Qazlal
Ru
Sif Muna
Trog
Uskayaw
Vehumet
Wu Jian
Xom
Yredelemnul
Zin
The Shining One
Beogh

Shops:
D:7 *   D:8 [   Orc:2 (*[(*

Annotations:
D:5 exclusion: necrophage
D:11 exclusion: obsidian statue
D:12 exclusion: vampire, Erolcha
D:13 exclusion: rakshasa
D:14 2 transporters, exclusion: door, Haokicir's ghost, journeyman DsBe
D:15 Roxanne
Orc:2 exclusions: battlemage, orc, orc warlord, orc warrior and 1 more exclusion
Depths:1 1 exclusion


Innate Abilities, Weirdness & Mutations

Your life essence is reduced to manifest your ancestor. (-10% HP)
((You are quick and stealthy near water. (Stealth+, EV+, Speed+++)))
Your lower body shifts to a powerful aquatic tail in water.


Message History

A hell knight comes into view. It is wielding a +5 broad axe.
The hell knight shouts!
You hear a shout!
The hell knight casts a spell.
The hell knight seems to speed up.
The hell knight casts a spell.
The hell knight seems to speed up.
Akiya emerges from the mists of memory!
There is a staircase back to the Dungeon here.
The hell knight hits you with a +1 scimitar of flaming!!
The hell knight burns you.
Akiya barely misses the hell knight.
You fly upwards.
Welcome back to the Dungeon!
Level annotation: Roxanne
There is a staircase to the Depths here.
You slash the hell knight!
The hell knight is moderately wounded.
The hell knight misses you.
The hell knight hits you with a +1 scimitar of flaming!
The hell knight burns you.
You barely miss the hell knight.
The hell knight is moderately wounded.
The hell knight hits you with a +1 scimitar of flaming.
* * * LOW HITPOINT WARNING * * *
The hell knight burns you.
* * * LOW HITPOINT WARNING * * *
Unknown command.
Akiya is recalled.
The hell knight casts a spell at you. The bolt of fire misses you.
The bolt of fire hits you!!
* * * LOW HITPOINT WARNING * * *
The bolt of fire hits the hell knight.
The hell knight completely resists.
Unknown command.
Aiming: Charm
Press: ? - help, Shift-Dir - straight line, f - hell knight
Aim: a hell knight, wielding a +1 scimitar of flaming and wearing a +0 plate armour (moderately wounded, fast, ally target, chance to affect: 62%)
The hell knight resists with significant effort.
The hell knight misses you.
Akiya casts a spell at the hell knight.
The bolt of magma hits the hell knight!
The hell knight partially resists.
The hell knight hits you with a +1 scimitar of flaming!!
You die...

#...# #.......#### #...#
######### #.......#
#...# #.......#
#.......#### #...#
#.#####[### #...........
#...#
#.###.....###...........
#...#
#.##.......######.......
#...####.#..#####..#
#.......
#.....(..#..#...#..#
#.......
#...###..#..#.@.#..#
#.......
#.#......#..#.pR#..#
#.......
#.#.#....#..##[##..#
#.......
#.#.#..#.##.......##
#.......
#.#.#....###.....##
#.......
#.#.##############
#....... #.#.........#
######.......
#.#########.#
#....#....... ###.#
#..R.# #....#.......


You could see the friendly Akiya the battlemage and a hell knight (fast, ally
target).

Vanquished Creatures
  Kirke (D:15)
  An orc warlord (Orc:2)
  2 very ugly things (Depths:1)
  A stone giant (Depths:1)
  A minotaur (Gauntlet)
  2 ettins (Depths:1)
  An ice dragon (Depths:1)
  2 fire dragons (Depths:1)
  2 boulder beetles
  A great orb of eyes (Depths:1)
  A hydra (D:14)
  A catoblepas (D:15)
  4 centaur warriors
  4 vault guards (D:14)
  A deep troll shaman (Depths:1)
  4 two-headed ogres
  A deep troll earth mage (Depths:1)
  A vampire mage (Depths:1)
  An orc high priest (Orc:2)
  7 tengu warriors
  A hell knight (Depths:1)
  An iron troll (Depths:1)
  A deep troll (Depths:1)
  4 deep elf pyromancers
  2 necromancers
  3 orc knights
  A wizard (D:15)
  A deep elf zephyrmancer (D:15)
  16 ugly things
  3 cyclopes
  2 manticores
  A centaur skeleton (D:15)
  A gargoyle (D:12)
  An unseen horror (D:10)
  2 komodo dragons (D:12)
  A yaktaur (D:15)
  A tengu conjurer (D:15)
  A freezing wraith (D:14)
  An efreet (D:14)
  A meliai (shapeshifter) (D:14)
  5 trolls
  A harpy zombie (D:15)
  9 slime creatures
  10 flying skulls (Gauntlet)
  A centaur simulacrum (D:15)
  9 spriggans (D:8)
  3 wyverns
  2 wraiths
  12 yaks
  A steam dragon (D:10)
  2 hogs (D:15)
  2 vampire mosquitoes (D:13)
  A basilisk (D:13)
  3 wargs (D:12)
  A water moccasin (D:9)
  An ice beast (D:6)
  5 sky beasts
  A hornet zombie (D:8)
  4 black bears
  23 orc warriors
  2 boggarts (D:13)
  8 ogres
  A centaur (D:8)
  Blork the orc (D:5)
  A bullfrog (D:8)
  2 scorpions
  4 killer bees (D:8)
  8 wights
  A howler monkey (D:5)
  An electric eel (D:10)
  2 jellies (D:5)
  4 centaur zombies
  17 orc priests
  3 hounds
  11 orc wizards
  2 iguanas (D:5)
  3 killer bee zombies
  A hound zombie (D:5)
  4 gnolls
  8 adders
  A shadow imp (D:5)
  2 white imps
  An adder skeleton (D:4)
  3 dart slugs
  83 orcs
  5 ball pythons
  2 bats
  7 endoplasms
  5 giant cockroaches
  11 goblins
  10 hobgoblins
  3 jackals
  7 quokkas
  2 frilled lizards
  9 kobolds
  4 rats (D:1)
419 creatures vanquished.

Vanquished Creatures (collateral kills)
  Rupert (D:15)
  A very ugly thing (Depths:1)
  A stone giant (Depths:1)
  A rakshasa (Depths:1)
  A boulder beetle (D:11)
  An ice dragon (Depths:1)
  A hydra (D:14)
  A deep troll (Depths:1)
  An orc knight (D:11)
  A wizard (D:15)
  A deep elf pyromancer (D:12)
  A necromancer (Depths:1)
  3 ugly things
  A manticore (D:14)
  3 orc sorcerers
  An apocalypse crab (Gauntlet)
  A centaur skeleton (D:15)
  2 trolls
  4 slime creatures (D:13)
  2 flying skulls (Gauntlet)
  2 shadows
  3 yaks
  A warg (D:12)
  An acid dragon (D:9)
  A water moccasin (D:9)
  11 orc warriors
  An ogre (Orc:2)
  A boggart (D:13)
  2 kobold brigands
  2 bullfrogs
  A killer bee (D:8)
  3 wights
  2 orc priests
  14 orc wizards
  A killer bee zombie (D:8)
  A gnoll (D:7)
  28 orcs
  A kobold (D:9)
105 creatures vanquished.

Vanquished Creatures (others)
  A human (D:15)
  10 battlemagi
  7 ancestors
18 creatures vanquished.

Grand Total: 542 creatures vanquished

Notes
Turn   | Place    | Note
-------+----------+-------------------------------------------
     0 | D:1      | shoop the Merfolk Gladiator began the quest for the Orb.
     0 | D:1      | Reached XP level 1. HP: 16/16 MP: 1/1
   132 | D:1      | Reached XP level 2. HP: 10/22 MP: 2/2
   311 | D:1      | Reached skill level 5 in Polearms
   311 | D:1      | Reached skill level 1 in Stealth
   509 | D:1      | Reached XP level 3. HP: 27/27 MP: 3/3
  1166 | D:1      | Reached skill level 6 in Polearms
  1377 | D:2      | Reached XP level 4. HP: 33/33 MP: 4/4
  1382 | D:2      | Reached skill level 7 in Polearms
  1447 | D:2      | Noticed an ogre
  1635 | D:2      | Killed an ogre
  1636 | D:2      | Reached skill level 8 in Polearms
  1636 | D:2      | Reached XP level 5. HP: 38/38 MP: 5/5
  2561 | D:3      | Reached skill level 9 in Polearms
  2561 | D:3      | Reached XP level 6. HP: 33/44 MP: 6/6
  2651 | D:3      | Found an opulent altar of Gozag.
  2727 | D:3      | Found a sparkling altar of Nemelex Xobeh.
  3262 | D:4      | Found a staircase to the Ecumenical Temple.
  3269 | Temple   | Entered the Ecumenical Temple
  3559 | D:4      | Found the +8 longbow "Zephyr" {speed, Dex+3 SInv}
  3684 | D:5      | Entered Level 5 of the Dungeon
  3702 | D:5      | Reached skill level 10 in Polearms
  3770 | D:5      | Noticed a sky beast
  3806 | D:5      | Killed a sky beast
  3807 | D:5      | Reached XP level 7. HP: 34/50 MP: 7/7
  3934 | D:5      | Reached skill level 11 in Polearms
  4683 | D:5      | Reached skill level 12 in Polearms
  4795 | D:5      | Noticed Blork the orc
  4842 | D:5      | Killed Blork the orc
  4843 | D:5      | Reached XP level 8. HP: 29/56 MP: 8/8
  5461 | D:5      | Reached skill level 13 in Polearms
  5791 | D:6      | Reached skill level 14 in Polearms
  6144 | D:6      | Found a hazy altar of Hepliaklqana.
  6394 | D:6      | Became a worshipper of Hepliaklqana the Forgotten
  6698 | D:7      | Reached XP level 9. HP: 58/58 MP: 9/9
  6702 | D:7      | Found Zeupav's Assorted Antiques.
  6728 | D:7      | Noticed a +0 spear
  6729 | D:7      | Noticed a +0 short sword
  6729 | D:7      | Noticed a +0 spear
  6729 | D:7      | Noticed a +0 falchion
  6729 | D:7      | Noticed a +0 falchion
  6729 | D:7      | Noticed a +0 dagger
  6731 | D:7      | Noticed a +0 short sword
  6731 | D:7      | Noticed a +0 dagger
  6744 | D:7      | Found a hide-covered altar of Uskayaw.
  6837 | D:7      | Reached skill level 15 in Polearms
  6850 | D:7      | Found a glowing silver altar of Zin.
  7205 | D:7      | Bought a scroll labelled OSEZAO TITTI for 30 gold pieces
  7205 | D:7      | Bought a scroll labelled PIFIEKKOLO for 30 gold pieces
  7205 | D:7      | Bought a scroll labelled RYONUSM NYGASU for 30 gold pieces
  7205 | D:7      | Bought a scroll labelled ZIUX VOP SYALO for 30 gold pieces
  7205 | D:7      | Bought a bone wand for 120 gold pieces
  7340 | D:8      | Reached skill level 5 in Fighting
  7423 | D:8      | Reached skill level 5 in Dodging
  7593 | D:8      | Noticed a troll
  7599 | D:8      | Killed a troll
  7610 | D:8      | Reached skill level 16 in Polearms
  8148 | D:8      | Reached XP level 10. HP: 68/68 MP: 10/10
  8778 | D:8      | Reached * piety under Hepliaklqana
  8996 | D:8      | Reached skill level 17 in Polearms
  9545 | D:8      | Found Ytekk's Armour Boutique.
  9939 | D:8      | Found a bloodstained altar of Trog.
 10270 | D:9      | Noticed a two-headed ogre
 10701 | D:10     | Entered Level 10 of the Dungeon
 10716 | D:10     | Reached ** piety under Hepliaklqana
 10831 | D:9      | Found a broken altar of Ashenzari.
 11003 | D:10     | Reached skill level 18 in Polearms
 11006 | D:10     | Reached XP level 11. HP: 37/77 MP: 11/11
 11230 | D:10     | Paralysed by an orc warrior for 4 turns
 11731 | D:10     | Found a shadowy altar of Dithmenos.
 12112 | D:9      | Remembered your ancestor Akiya as a battlemage
 12120 | D:9      | Killed a two-headed ogre
 12121 | D:9      | Reached skill level 1 in Evocations
 12165 | D:9      | Noticed a two-headed ogre
 12174 | D:9      | Killed a two-headed ogre
 12376 | D:9      | Found a sacrificial altar of Ru.
 12516 | D:11     | Noticed a boulder beetle
 12646 | D:11     | Killed a boulder beetle
 12681 | D:11     | Noticed a green ugly thing
 12771 | D:11     | Reached skill level 19 in Polearms
 12833 | D:11     | Noticed a boulder beetle
 12833 | D:11     | Noticed a two-headed ogre
 12850 | D:11     | Killed a two-headed ogre
 12869 | D:11     | Killed a boulder beetle
 12870 | D:11     | Reached skill level 10 in Dodging
 12950 | D:11     | Noticed a two-headed ogre
 12961 | D:11     | Killed a two-headed ogre
 13127 | D:11     | Killed a green ugly thing
 13128 | D:11     | Reached XP level 12. HP: 86/86 MP: 12/12
 13752 | D:11     | Found a staircase to the Lair.
 13976 | D:12     | Reached skill level 20 in Polearms
 14014 | D:12     | Noticed Erolcha
 14215 | D:12     | Reached *** piety under Hepliaklqana
 14220 | D:12     | Noticed a boulder beetle
 14231 | D:12     | Killed a boulder beetle
 14232 | D:12     | Reached skill level 10 in Fighting
 14529 | D:12     | Found a staircase to the Orcish Mines.
 14539 | Orc:1    | Entered Level 1 of the Orcish Mines
 14794 | Orc:1    | Reached skill level 1 in Invocations
 15060 | Orc:2    | Entered Level 2 of the Orcish Mines
 15060 | Orc:2    | Found Ahox's Antique Weapon Boutique.
 15408 | Orc:2    | Noticed an orc warlord
 15682 | Orc:2    | Found Zellacwe's General Store.
 15760 | Orc:2    | Reached **** piety under Hepliaklqana
 15761 | Orc:2    | Found a staircase to the Elven Halls.
 15895 | Orc:2    | Reached XP level 13. HP: 90/95 MP: 15/15
 15898 | Orc:2    | Found Cefitzo's Assorted Antiques.
 15903 | Orc:2    | Bought a scroll labelled RONIDE SEOD for 27 gold pieces
 16056 | Orc:2    | Reached skill level 5 in Stealth
 16276 | Orc:2    | Noticed an orc warlord
 16313 | Orc:2    | Killed an orc warlord
 16400 | Orc:2    | Found Ankorysa's Antique Weapon Emporium.
 16411 | Orc:2    | Found Qallas's Antique Armour Shoppe.
 16428 | Orc:2    | Bought a masterwork helmet for 285 gold pieces
 16428 | Orc:2    | Identified the +0 helmet of Melancholy {*Corrode rPois rF++
                  | rC-} (You bought it in a shop on level 2 of the Orcish
                  | Mines)
 16525 | Orc:2    | Bought a brightly glowing glaive for 402 gold pieces
 16525 | Orc:2    | Identified the +10 glaive of the Middle {elec, Drain rN+
                  | Str+6} (You bought it in a shop on level 2 of the Orcish
                  | Mines)
 16527 | Orc:2    | Acquired 1147 gold pieces
 16713 | D:8      | Bought the +2 pair of boots of the Barracuda {rElec rC+
                  | Int+3} for 585 gold pieces
 16723 | D:8      | Bought a +2 helmet of see invisible for 301 gold pieces
 16744 | D:8      | Acquired a manual of Evocations
 17007 | Orc:2    | Bought an encrusted wooden wand for 108 gold pieces
 17167 | D:13     | Reached skill level 5 in Invocations
 17211 | D:13     | Noticed a rakshasa
 17289 | D:13     | Found a gate leading to a gauntlet.
 17302 | D:13     | Reached skill level 5 in Evocations
 17436 | Gauntlet | Entered a Gauntlet
 17436 | Gauntlet | Found a transporter.
 17439 | Gauntlet | Found a transporter.
 17441 | Gauntlet | Found a transporter.
 17444 | Gauntlet | Found a transporter.
 17444 | Gauntlet | Found a transporter.
 17445 | Gauntlet | Found a transporter.
 17449 | Gauntlet | Found a runed translucent door.
 17451 | Gauntlet | Found a runed translucent door.
 17452 | Gauntlet | Noticed a reaper
 17454 | Gauntlet | Found a transporter.
 17460 | Gauntlet | Found a transporter.
 17523 | Gauntlet | Found a transporter.
 17523 | Gauntlet | Noticed a green death
 17528 | Gauntlet | Found a transporter.
 17532 | Gauntlet | Found a transporter.
 17542 | Gauntlet | Found a transporter.
 17620 | Gauntlet | Identified the +2 robe of Vustomir {Will+ rCorr Int-4}
 17630 | Gauntlet | Identified the +0 helmet "Ihacipha" {Fly rElec Slay+2
                  | Stlth-}
 17993 | Gauntlet | Identified the +8 arbalest of Raheaguf {elec, Int+7 Dex+2}
 17993 | Gauntlet | Noticed a minotaur
 17998 | Gauntlet | Killed a minotaur
 18994 | D:14     | Found a transporter.
 18995 | D:14     | Noticed Haokicir's ghost (journeyman DsBe)
 18996 | D:14     | Found a transporter.
 18996 | D:14     | Identified the +7 great mace "shoop's Death" {flame, Fly
                  | rN+ Str+2 Stlth-}
 18996 | D:14     | Noticed a fire giant
 18996 | D:14     | Noticed an ettin
 19195 | D:14     | Reached XP level 14. HP: 47/103 MP: 20/20
 19221 | D:14     | Reached skill level 10 in Evocations
 19490 | D:14     | Found a gate to the Vaults.
 19634 | D:15     | Entered Level 15 of the Dungeon
 19640 | D:15     | Found a glowing golden altar of the Shining One.
 19741 | D:15     | Noticed Roxanne
 20036 | D:15     | Reached skill level 1 in Armour
 20127 | D:15     | Found a shimmering blue altar of Sif Muna.
 20150 | D:15     | Noticed Kirke
 20270 | D:15     | Reached ***** piety under Hepliaklqana
 20515 | D:15     | Found a staircase to the Depths.
 21006 | D:14     | Found an ancient bone altar of Kikubaaqudgha.
 21843 | D:15     | Killed Kirke
 21867 | D:15     | Noticed Rupert
 21874 | D:15     | Killed Rupert
 21875 | D:15     | Reached XP level 15. HP: 108/108 MP: 21/21
 22130 | Depths:1 | Entered Level 1 of the Depths
 22388 | Depths:1 | Reached skill level 5 in Armour
 22402 | Depths:1 | Reached skill level 5 in Throwing
 23209 | D:15     | Demolished by a hell knight

Illustrated notes

Levels and vault maps discovered:
D:1:      onia_arrival_mini_maze, layout_basic, minmay_heptomino_h4
D:2:      layout_basic, minmay_indecisive_spiral
D:3:      layout_basic, nicolae_gozag_cash_rules_everything_around_me,
          nemelex_diamond_rough_becter
D:4:      layout_basic, temple_fountains, hangedman_abyss_or_decor_lesser_grid,
          minmay_misc_feat_plants, hangedman_decor_lopped, minmay_checkerbox
D:5:      layout_basic, uniq_blork_the_orc
D:6:      layout_rooms, nicolae_overflow_hidden_temple, lightli_orcish_oven
D:7:      layout_cave_pools, nicolae_uskayaw_en_pointe, lemuel_tele_altar,
          serial_shops, shop, kennysheep_small_circle
D:8:      kb_forest_paths, layout_loops_corners, trog_antimagical, serial_shops,
          shop_statue, minmay_misc_feat_square
D:9:      layout_cave_pools, cheibrodos_ashenzari_chains, marbit_many_paths
D:10:     cheibrodos_helix_gallery, layout_basic, lemuel_round_altar
D:11:     cheibrodos_orc_bank, layout_basic, lair_entry_dummy,
          minmay_statue_bubble
D:12:     layout_roguey, minmay_orc_entry_guard_dogs, uniq_erolcha
D:13:     layout_cave_pods, gauntlet_entry_generic
D:14:     layout_loops_corners, lightli_vaults_fourway_checkpoint,
          kiku_gazebo_pond_becter, gammafunk_ghost_smash,
          kennysheep_small_square
D:15:     grunt_enter_depths_magical_seal, layout_basic, tso_metal_star,
          nicolae_sif_muna_condensation, uniq_rupert, uniq_roxanne, uniq_kirke
Temple:   nicolae_temple_figure_eight
Orc:1:    layout_caves
Orc:2:    grunt_orc_community_town_hall, layout_caves,
          grunt_orc_community_big_house_2, grunt_orc_community_big_house_2,
          grunt_orc_community_house_2, grunt_orc_community_house_1,
          grunt_orc_community_house_1, grunt_orc_community_house_2,
          serial_shops, shop
Depths:1: layout_forbidden_donut, grunt_hell_entry_demonic_statue,
          kennysheep_nub, pan_entry, zin_academy

Skill      XL: |  1  2  3  4  5  6  7  8  9 10 11 12 13 14 15 |
---------------+----------------------------------------------+-----
Polearms       | 5 6 8 9 10 12 14 16 18 19 20 | 20.0
Stealth        | 1 2 4 5 8 9 |  9.0
Fighting       | 4 6 8 9 11 12 | 12.6
Dodging        | 6 8 10 12 13 | 13.0
Evocations     | 3 9 14 | 14.0
Invocations    | 3 8 |  8.0
Armour         | 4 5 |  5.0
Throwing       | 6 |  6.7

Action                   |  1- 3 |  4- 6 |  7- 9 | 10-12 | 13-15 || total
-------------------------+-------+-------+-------+-------+-------++-------
Melee: Trident           |    93 |   148 |    54 |       |       ||   295
       Halberd           |       |       |    46 |       |       ||    46
       Glaive            |       |       |   126 |   577 |   412 ||  1115
       Tailslap          |       |       |       |     2 |       ||     2
Throw: Dart              |     4 |    25 |    49 |   115 |     9 ||   202
       Boomerang         |       |       |     6 |       |    16 ||    22
       Throwing net      |       |       |     2 |     1 |       ||     3
Invok: Ancestor Life: Ba |       |       |       |     1 |       ||     1
       Recall Ancestor   |       |       |       |       |     5 ||     5
       Transference      |       |       |       |       |     1 ||     1
 Abil: Evoke Invisibilit |       |       |       |       |     1 ||     1
Evoke: Wand              |       |       |       |       |     3 ||     3
       Phantom mirror    |       |       |       |       |     1 ||     1
  Use: Scroll            |       |       |    10 |     8 |     5 ||    23
       Potion            |       |       |       |     3 |     4 ||     7
 Stab: Sleeping          |       |     5 |     6 |     6 |     2 ||    19
       Distracted        |       |     1 |     1 |    10 |    18 ||    30
       Invisible         |       |       |       |       |     2 ||     2
Armor: Leather armour    |    27 |    20 |    33 |    17 |       ||    97
       Skin              |       |       |       |     1 |       ||     1
       Troll leather arm |       |       |       |    34 |     8 ||    42
       Robe              |       |       |       |       |     7 ||     7
       Ring mail         |       |       |       |       |    40 ||    40
Dodge: Dodged            |    41 |    56 |   102 |   269 |   209 ||   677
Block: Buckler           |       |    12 |     5 |       |       ||    17

Table legend: (Time is in decaauts)
 A = Elapsed time spent in this place.
 B = Non-inter-level travel time spent in this place.
 C = Inter-level travel time spent in this place.
 D = Time resting spent in this place.
 E = Time spent auto-exploring this place.
 F = Levels seen in this place.
 G = Mean time per level.
                   A        B        C        D        E       F      G
               +--------+--------+--------+--------+--------+-----+--------+
         Total |  22887 |  21319 |   1568 |   2684 |  13829 |  20 | 1144.3 |
       Dungeon |  18857 |  17706 |   1151 |   1641 |  12855 |  15 | 1257.1 |
        Temple |    220 |    207 |     13 |      0 |    207 |   1 |  220.0 |
  Orcish Mines |   2149 |   1746 |    403 |    126 |    627 |   2 | 1074.5 |
        Depths |   1046 |   1046 |      0 |    669 |    140 |   1 | 1046.0 |
      Gauntlet |    613 |    613 |      0 |    247 |      0 |   1 |  613.0 |
               +--------+--------+--------+--------+--------+-----+--------+

Top non-repeatable levels by time:
     D:8: 2960 daAuts
    D:14: 1947 daAuts
     D:5: 1823 daAuts
   Orc:2: 1541 daAuts
    D:10: 1437 daAuts
    D:11: 1434 daAuts
    D:15: 1332 daAuts
     D:7: 1320 daAuts
     D:1: 1312 daAuts
Depths:1: 1046 daAuts
    D:13: 999 daAuts
     D:6: 899 daAuts
     D:2: 861 daAuts
     D:3: 725 daAuts
     D:9: 657 daAuts
